 Dungeon Crawl Stone Soup version 0.23-b1-75-g379dba2534 (webtiles) character file.

Game seed: 7556375289303694345

144 McKennaii the Skirmisher (level 5, -4/41 HPs)
             Began as a Demonspawn Fighter on Feb 7, 2019.
             Slain by an ogre
             ... wielding a +0 giant club
              (14 damage)
             ... on level 4 of the Dungeon.
             The game lasted 00:05:37 (2387 turns).

McKennaii the Skirmisher (Demonspawn Fighter)       Turns: 2387, Time: 00:05:38

Health: -4/41      AC: 11    Str: 15 (17) XL:     5   Next: 5%
Magic:  5/5        EV:  6    Int:  9      God:
Gold:   177        SH:  8    Dex: 11 (13) Spells: 4/4 levels left

rFire    + . .     SeeInvis .   a - +0 long sword
rCold    . . .     Gourm    .   c - +0 shield
rNeg     . . .     Faith    .   b - +0 scale mail
rPois    .         Spirit   .   (helmet restricted)
rElec    .         Reflect  .   q - +0 cloak
rCorr    .         Harm     .   (no gloves)
MR       .....                  m - +0 pair of boots
Stlth    ..........             (no amulet)
HPRegen  0.13/turn              s - ring of protection from fire
MPRegen  0.09/turn              (no ring)

@: no status effects
A: horns 1, thin metallic scales 1, powered by death 2
a: no special abilities


You were on level 4 of the Dungeon.
You were not hungry.

You visited 1 branch of the dungeon, and saw 4 of its levels.

You collected 177 gold pieces.

Inventory:

Hand Weapons
 a - a +0 long sword (weapon)
Armour
 b - a +0 scale mail (worn)
 c - a +0 shield (worn)
 m - a +0 pair of boots (worn)
 q - a +0 cloak (worn)
Jewellery
 s - a ring of protection from fire (left hand)
Wands
 o - a wand of enslavement (11)
Scrolls
 e - a scroll of noise {unknown}
 g - a scroll of immolation {unknown}
 h - a scroll of blinking {unknown}
 i - 5 scrolls of remove curse {unknown}
 j - a scroll of random uselessness {unknown}
 k - a scroll of fear {unknown}
 l - 3 scrolls of amnesia {unknown}
 n - a scroll of identify {unknown}
Potions
 d - a potion of might
 r - 2 potions of haste {unknown}
 t - a potion of curing {unknown}
Comestibles
 f - 7 rations
 p - a chunk of flesh


   Skills:
 + Level 3.6 Fighting
 + Level 3.2 Long Blades
 + Level 3.3 Armour
 + Level 0.2 Dodging
 + Level 3.3 Shields


You had 4 spell levels left.
You didn't know any spells.
Your spell library was empty.

Dungeon Overview and Level Annotations

Branches:
Dungeon (4/15)
 Temple: D:4-7

Altars:
Cheibriados

Annotations:
D:3 Sigmund
D:4 Pikel


Innate Abilities, Weirdness & Mutations

You have a pair of small horns on your head.
You are partially covered in thin metallic scales. (AC +2)
You regenerate health from kills.


Message History

You hit the ogre. You headbutt the ogre.
The ogre is moderately wounded.
You block the ogre's attack.
You barely miss the ogre.
The ogre is moderately wounded.
The ogre hits you with a +0 giant club!!
Ouch! That really hurt!
You hit the ogre.
The ogre is heavily wounded.
You block the ogre's attack.
You hit the ogre.
The ogre is heavily wounded.
An ogre comes into view. It is wielding a +0 giant club.
The ogre hits you with a +0 giant club!
* * * LOW HITPOINT WARNING * * *
The ogre shouts!
You hit the ogre but do no damage. Your headbutt misses the ogre.
The ogre is heavily wounded.
The ogre hits you with a +0 giant club!
You die...

#### .....
####......
#<@O......
####......
..... ....
.O. .# +


You could see 2 ogres.

Vanquished Creatures
  Crazy Yiuf (D:3)
  6 adders
  An ooze (D:1)
  4 dart slugs
  A leopard gecko (D:1)
  2 orcs (D:3)
  A ball python (D:1)
  A giant cockroach (D:2)
  3 goblins
  4 hobgoblins (D:1)
  6 kobolds
  2 quokkas
  9 bats
  2 frilled lizards (D:1)
  9 rats
52 creatures vanquished.

Notes
Turn   | Place    | Note
-------+----------+-------------------------------------------
     0 | D:1      | McKennaii the Demonspawn Fighter began the quest for the
                  | Orb.
     0 | D:1      | Reached XP level 1. HP: 18/18 MP: 1/1
   131 | D:1      | Gained mutation: You regenerate a little health from kills.
                  | [demonic ancestry]
   131 | D:1      | Reached XP level 2. HP: 24/24 MP: 2/2
   317 | D:1      | Gained mutation: You are partially covered in thin metallic
                  | scales. (AC +2) [demonic ancestry]
   317 | D:1      | Reached XP level 3. HP: 29/29 MP: 3/3
   999 | D:2      | Found a snail-covered altar of Cheibriados.
  1022 | D:2      | Gained mutation: You have a pair of small horns on your
                  | head. [demonic ancestry]
  1022 | D:2      | Reached XP level 4. HP: 35/35 MP: 4/4
  1096 | D:3      | Noticed Sigmund
  1243 | D:3      | Found a runed translucent door.
  1244 | D:3      | Noticed Crazy Yiuf
  2218 | D:3      | Killed Crazy Yiuf
  2218 | D:3      | Gained mutation: You regenerate health from kills. [demonic
                  | ancestry]
  2218 | D:3      | Reached XP level 5. HP: 38/41 MP: 5/5
  2334 | D:4      | Noticed a slave
  2334 | D:4      | Noticed a slave
  2335 | D:4      | Noticed Pikel
  2338 | D:4      | Noticed a slave
  2377 | D:4      | Noticed an ogre
  2386 | D:4      | Noticed an ogre
  2387 | D:4      | Slain by an ogre

Skill      XL: |  1  2  3  4 |
---------------+-------------+-----
Armour         | 3 |  3.3
Shields        | 3 |  3.3
Long Blades    | 2 3 |  3.2
Fighting       | |  3.6
Dodging        | |  0.2

Action                   |  1- 3 |  4- 6 || total
-------------------------+-------+-------++-------
Melee: Long sword        |   115 |    50 ||   165
       Headbutt          |       |    14 ||    14
  Use: Potion            |       |     3 ||     3
  Eat: Chunk             |       |     5 ||     5
Armor: Scale mail        |    75 |    23 ||    98
Dodge: Dodged            |    34 |    21 ||    55
Block: Shield            |    75 |    17 ||    92
       Rpst.: Long sword |    10 |     2 ||    12
